 Dungeon Crawl Stone Soup version 0.30.1-9-gdf580d7c3d (webtiles) character file.

Game seed: 17914235019409852974

1299 Ekaitz the Zephyrmancer (level 8, -2/48 HPs)
             Began as a Tengu Air Elementalist on Oct 13, 2023.
             Slain by a lemure (3 damage)
             ... led by Pikel
             ... on level 6 of the Dungeon on Oct 15, 2023.
             The game lasted 00:13:30 (5888 turns).

Ekaitz the Zephyrmancer (Tengu Air Elementalist)    Turns: 5888, Time: 00:13:32

Health: -2/48      AC:  3    Str: 10    XL:     8   Next: 57%
Magic:  0/15       EV: 16    Int: 17    God:
Gold:   266        SH:  0    Dex: 14    Spells: 5/15 levels left

rFire   + . .        I - staff of air
rCold   . . .        (no shield)
rNeg    . . .        C - +0 robe
rPois   .            (helmet restricted)
rElec   +            (no cloak)
rCorr   .            m - +0 pair of gloves
SInv    +            (boots unavailable)
Will    .....        (no amulet)
Stlth   ++           r - ring of see invisible
HPRegen 0.28/turn    t - ring of protection from fire
MPRegen 0.14/turn

%: no passive effects
@: flying quickly and evasively, quick
A: beak, talons 3, nimble flight
a: no special abilities


You were on level 6 of the Dungeon.
You visited 2 branches of the dungeon, and saw 7 of its levels.

You collected 305 gold pieces.
You spent 39 gold pieces at shops.

Inventory:

Hand Weapons
 a - a +0 dagger of venom
 c - a +2 heavy mace
 F - a +0 morningstar
Missiles
 s - 8 poisoned darts
 A - 3 throwing nets
Armour
 m - a +0 pair of gloves (worn)
 C - a +0 robe (worn)
Magical Staves
 I - a staff of air (weapon)
Jewellery
 i - an amulet of faith
 r - a ring of see invisible (left hand)
 t - a ring of protection from fire (right hand)
Scrolls
 d - 3 scrolls of poison {unknown}
 e - 2 scrolls of enchant armour {unknown}
 g - 2 scrolls of silence {unknown}
 h - 2 scrolls of enchant weapon {unknown}
 j - 2 scrolls of torment {unknown}
 l - 6 scrolls of identify {unknown}
 n - 2 scrolls of vulnerability {unknown}
 o - a scroll of fog {unknown}
 u - a scroll of fear {unknown}
 v - 5 scrolls of teleportation {unknown}
 w - 3 scrolls of noise {unknown}
 y - a scroll of blinking {unknown}
 B - 3 scrolls of immolation {unknown}
 H - a scroll of brand weapon {unknown}
Potions
 b - a potion of magic
 f - 2 potions of attraction {unknown}
 k - a potion of invisibility {unknown}
 p - 2 potions of cancellation
 q - 2 potions of heal wounds {unknown}
 x - 3 potions of lignification
 z - 2 potions of brilliance {unknown}
 D - a potion of ambrosia {unknown}
 E - a potion of haste {unknown}
 G - a potion of curing {unknown}


   Skills:
 * Level 3.6 Fighting
 + Level 1.0 Maces & Flails
 * Level 4.0 Dodging
 + Level 3.1 Stealth
 + Level 4.1 Spellcasting
 * Level 6.2 Conjurations
 * Level 8.3 Air Magic


You had 5 spell levels left.
You knew the following spells:

 Your Spells              Type           Power      Damage    Failure   Level
a - Shock                 Conj/Air       100%       1d9       1%          1
b - Static Discharge      Conj/Air       84%        2-6/arc   1%          2
c - Swiftness             Air            47%        N/A       1%          3
d - Airstrike             Air            23%        2d(4-20)  4%          4

Your spell library contained the following spells:

 Spells                   Type           Power      Damage    Failure   Level
 Necrotise                Necr           12%        1d4       16%         1
 Ensorcelled Hibernation  Hex/Ice        6%         N/A       24%         2
 Lesser Beckoning         Tloc           6%         N/A       24%         2
 Sublimation of Blood     Necr           3%         N/A       24%         2
 Gell's Gravitas          Tloc           3%         N/A       43%         3
 Spider Form              Tmut/Pois      3%         N/A       43%         3
 Teleport Other           Tloc           3%         N/A       43%         3
 Vampiric Draining        Necr           3%         2d6       43%         3
 Irradiate                Conj/Tmut      7%         3d14      77%         5
 Anguish                  Hex/Necr       1%         N/A       83%         4
 Petrify                  Tmut/Erth      3%         N/A       83%         4
 Agony                    Necr           3%         N/A       99%         5


Dungeon Overview and Level Annotations

Branches:
Dungeon (6/15)             Temple (1/1) D:5

Altars:
Ashenzari
Cheibriados
Dithmenos
Elyvilon
Fedhas
Gozag
Hepliaklqana
Kikubaaqudgha
Makhleb
Nemelex Xobeh
Okawaru
Sif Muna
Trog
Uskayaw
Wu Jian
Zin
The Shining One

Shops:
D:5 *

Annotations:
D:6 Pikel, Sigmund


Innate Abilities, Weirdness & Mutations

You have a beak for a mouth.
You have claws for feet.
Your magical nature lets you fly swiftly and evasively.


Message History

The lemure is struck by an arc of lightning.
The lemure is severely wounded.
You resist.
You are struck by an arc of lightning.
* * * LOW HITPOINT WARNING * * *
The lemure is struck by an arc of lightning.
The lemure is lightly wounded.
The lightning grounds out.
The lemure is struck by an arc of lightning.
The lemure is moderately wounded.
Pikel is struck by an arc of lightning.
Pikel is severely wounded.
The lemure is struck by an arc of lightning.
The lemure is severely wounded.
The lightning grounds out.
The lemure misses you. The lemure closely misses you.
The gnoll bouda barks out a call to the hunt!
The gnoll picks up the pace!
Pikel closely misses you.
Unknown command.
You aren't carrying any items that you can evoke.
Really quaff the potion of lignification?
You turn into a tree.
Your +0 pair of gloves melds into your body.
Your +0 robe melds into your body.
Your roots penetrate the ground.
The lemure barely misses you. The lemure hits you but does no damage.
Pikel hits you with a +2 whip of freezing.
* * * LOW HITPOINT WARNING * * *
Pikel freezes you.
* * * LOW HITPOINT WARNING * * *
The gnoll hits you from afar with a +3 vampiric spear.
* * * LOW HITPOINT WARNING * * *
Unknown command.
Unknown command.
It was a potion of cancellation.
Your magical effects are unravelling.
You feel magically purged.
You feel less wooden.
Your +0 pair of gloves unmelds from your body.
Your +0 robe unmelds from your body.
The lemure hits you.
You die...

.........##..5....... .###
.........######...... ......
......##..# ##....... ....?.
#.......).###....[###
......##..........#.....).#
.......###...#......#..#....
.....#.###.....##..###.##...
..........55....#...#.......
........ggK@.......#..##..#.
........###........PPP......
......)..###......PP.......
........#K5....#.PP_PP.#..
...gg..#..55..##.PPP.P....
...g..............P PP .#
.......#...........
.......#........####
....g.#........$.#


You could see Pikel, 2 lemures, a gnoll bouda and a gnoll (swift).

Vanquished Creatures
  A wraith (D:5)
  2 ogres
  2 centaurs
  A phantom (D:5)
  A gnoll sergeant (D:5)
  2 scorpions
  A jelly (D:5)
  2 orc priests (D:5)
  A hound (D:5)
  A gnoll bouda (D:4)
  A sleepcap (D:5)
  2 iguanas
  4 orc wizards
  8 gnolls
  8 adders
  2 ufetubi
  3 worms (D:3)
  12 orcs
  7 ball pythons
  8 endoplasms
  4 giant cockroaches
  10 hobgoblins
  5 kobolds
  2 quokkas (D:2)
  8 bats
  A frilled lizard (D:3)
  5 goblins
  7 rats
111 creatures vanquished.

Notes
Turn   | Place    | Note
-------+----------+-------------------------------------------
     0 | D:1      | Ekaitz the Tengu Air Elementalist began the quest for the
                  | Orb.
     0 | D:1      | Reached XP level 1. HP: 10/10 MP: 4/4
   108 | D:1      | Reached XP level 2. HP: 15/15 MP: 4/6
   111 | D:1      | Learned a level 2 spell: Static Discharge
   570 | D:2      | Reached XP level 3. HP: 19/20 MP: 1/7
   574 | D:2      | Learned a level 3 spell: Swiftness
   892 | D:2      | Reached skill level 1 in Fighting
  1214 | D:2      | You fall into a shaft and drop 1 floor!
  1505 | D:2      | Reached XP level 4. HP: 26/26 MP: 4/8
  2048 | D:3      | Reached skill level 5 in Air Magic
  2534 | D:3      | Found a glowing silver altar of Zin.
  2693 | D:3      | Gained mutation: Your magical nature lets you fly swiftly
                  | and evasively. [Tengu growth]
  2693 | D:3      | Reached XP level 5. HP: 20/30 MP: 6/9
  2976 | D:4      | Noticed an ogre
  2999 | D:4      | Killed an ogre
  3245 | D:4      | Reached XP level 6. HP: 26/36 MP: 2/11
  3506 | D:4      | Reached skill level 6 in Air Magic
  4371 | D:5      | Entered Level 5 of the Dungeon
  4380 | D:5      | Reached skill level 1 in Maces & Flails
  4447 | D:5      | Reached XP level 7. HP: 40/40 MP: 6/12
  4469 | D:5      | Found Cidoh's General Store.
  4477 | D:5      | Learned a level 4 spell: Airstrike
  4537 | D:5      | Bought a potion of lignification for 39 gold pieces
  4890 | D:5      | Noticed a wraith
  4897 | D:5      | Killed a wraith
  4898 | D:5      | Reached skill level 7 in Air Magic
  5042 | D:5      | Reached skill level 5 in Conjurations
  5135 | D:5      | Reached XP level 8. HP: 42/46 MP: 3/14
  5317 | D:5      | Found a staircase to the Ecumenical Temple.
  5324 | Temple   | Entered the Ecumenical Temple
  5324 | Temple   | Found a transporter.
  5324 | Temple   | Found a transporter.
  5326 | Temple   | Found a transporter.
  5326 | Temple   | Found a transporter.
  5819 | D:6      | Noticed Sigmund
  5838 | D:6      | Noticed Pikel
  5845 | D:6      | Reached skill level 8 in Air Magic
  5860 | D:6      | Found a blossoming altar of Fedhas.
  5887 | D:6      | HP: 1/72 [gnoll/+3 vampiric spear[a gnoll bouda] (4)]
  5888 | D:6      | Slain by a lemure

Illustrated notes

Levels and vault maps discovered:
D:1:      roderic_crop_circles_arrival_small, layout_rooms
D:2:      layout_basic, kennysheep_generic_room_11
D:3:      layout_basic, zin_treasury
D:4:      layout_basic
D:5:      layout_rooms, minmay_temple_entry_arrows, serial_shops, shop,
          dk_noncrumbling_2
D:6:      layout_cave_pools, fedhas_bush_and_centaur_altar,
          mainiacjoe_overflow_tiny_flanked, jmf_multi_god_temple2,
          nicolae_ru_the_path_less_chosen, nicolae_ossuary_entry_plus,
          st_stairs_3, uniq_pikel, uniq_sigmund, uniq_maggie, uniq_grinder
Temple:   hellmonk_temple_divided_pantheon

Skill      XL: |  1  2  3  4  5  6  7  8 |
---------------+-------------------------+-----
Fighting       | 1 2 3 |  3.6
Conjurations   | 2 3 4 5 6 |  6.2
Air Magic      | 5 6 7 8 |  8.3
Dodging        | 3 4 |  4.0
Maces & Flails | 1 |  1.0
Spellcasting   | 3 4 |  4.1
Stealth        | 3 |  3.1

Action                     |  1- 3 |  4- 6 |  7- 9 || total
---------------------------+-------+-------+-------++-------
  Melee: Mace              |     5 |    13 |     2 ||    20
         Kick              |     2 |     2 |     6 ||    10
         Peck              |       |     1 |     2 ||     3
         Dagger            |       |       |     8 ||     8
         Staff             |       |       |     4 ||     4
   Cast: Shock             |    57 |   103 |    63 ||   223
         Static Discharge  |       |     8 |     7 ||    15
         Airstrike         |       |       |    13 ||    13
    Use: Potion            |       |       |     2 ||     2
   Stab: Sleeping          |       |     1 |     1 ||     2
 Armour: Robe              |     3 |     2 |    10 ||    15
         Skin              |       |       |     1 ||     1
  Dodge: Dodged            |    11 |    21 |    40 ||    72
